[gd_scene load_steps=8 format=2]

[ext_resource path="res://assets/img/GUI/button_.png" type="Texture" id=1]
[ext_resource path="res://assets/img/GUI/Background/02.jpg" type="Texture" id=2]
[ext_resource path="res://assets/font/StrenuousBL28.tres" type="DynamicFont" id=3]
[ext_resource path="res://level/GUI/HomeButton.gd" type="Script" id=4]
[ext_resource path="res://assets/other/BattleField.tres" type="Environment" id=5]
[ext_resource path="res://addons/GodotTIE/text_interface_engine.gd" type="Script" id=6]
[ext_resource path="res://level/Battlefield/Level6/PreStartLevel6Hard.gd" type="Script" id=7]

[node name="PreStartLevel6Hard" type="Control"]
anchor_right = 1.0
anchor_bottom = 1.0
script = ExtResource( 7 )
__meta__ = {
"_edit_use_anchors_": false
}

[node name="WorldEnvironment" type="WorldEnvironment" parent="."]
environment = ExtResource( 5 )

[node name="Sprite" type="Sprite" parent="."]
texture = ExtResource( 2 )
centered = false

[node name="ContinueButton" type="Button" parent="."]
margin_left = 552.0
margin_top = 960.0
margin_right = 872.0
margin_bottom = 1040.0
focus_mode = 0
mouse_default_cursor_shape = 2
icon = ExtResource( 1 )
flat = true
clip_text = true
expand_icon = true
script = ExtResource( 4 )
__meta__ = {
"_edit_use_anchors_": false
}

[node name="Label" type="Label" parent="ContinueButton"]
anchor_right = 1.0
anchor_bottom = 1.0
custom_fonts/font = ExtResource( 3 )
text = "KEY_START"
align = 1
valign = 1

[node name="BackButton" type="Button" parent="."]
margin_left = 144.0
margin_top = 960.0
margin_right = 464.0
margin_bottom = 1040.0
mouse_default_cursor_shape = 2
icon = ExtResource( 1 )
flat = true
clip_text = true
expand_icon = true
script = ExtResource( 4 )
__meta__ = {
"_edit_use_anchors_": false
}

[node name="Label" type="Label" parent="BackButton"]
anchor_right = 1.0
anchor_bottom = 1.0
custom_fonts/font = ExtResource( 3 )
text = "KEY_EXIT"
align = 1
valign = 1
__meta__ = {
"_edit_use_anchors_": false
}

[node name="TextInterfaceEngine" type="ReferenceRect" parent="."]
margin_left = 192.0
margin_top = 128.0
margin_right = 832.0
margin_bottom = 768.0
script = ExtResource( 6 )
__meta__ = {
"_edit_use_anchors_": false
}
FONT = ExtResource( 3 )

[connection signal="pressed" from="ContinueButton" to="." method="_on_ContinueButton_pressed"]
[connection signal="pressed" from="BackButton" to="." method="_on_BackButton_pressed"]
